| TOP OF THE 1ST |
|
Santa Domingo Colonials batting - Pitching for Santa Ana Cafes : RHP Kenneth Shea
|
|
Pitching: RHP Kenneth Shea
|
|
|
Batting: SHB Curt Bryan
|
0-0: Ball 1-0: Called Strike 1-1: Called Strike 1-2: Fly out, F9 (Flyball, 89S, EV 88.8 MPH)
|
|
Batting: SHB Bip Roberts
|
0-0: Foul Ball, location: 2F 0-1: Ball 1-1: Foul Ball, location: 2F 1-2: Foul Ball, location: 2F 1-2: Foul Ball, location: 2F 1-2: Ball 2-2: Ball 3-2: Ground out 6-3 (Groundball, 6, EV 108.8 MPH)
|
|
Batting: LHB Mike Stenhouse
|
0-0: Ball 1-0: Ball 2-0: Fly out, F6 (Flyball, 56D, EV 78.8 MPH)
|
| Top of the 1st over - 0 runs, 0 hits, 0 errors, 0 left on base; Santa Domingo 0 - Santa Ana 0 |
| BOTTOM OF THE 1ST |
|
Santa Ana Cafes batting - Pitching for Santa Domingo Colonials : LHP Rich Rodas
|
|
Pitching: LHP Rich Rodas
|
|
|
Batting: SHB Steve Scafa
|
0-0: Swinging Strike 0-1: Ball 1-1: Called Strike 1-2: Ball 2-2: Foul Ball, location: 2F 2-2: Ball 3-2: Fly out, F8 (Line Drive, 8RM, EV 85.6 MPH)
|
|
Batting: RHB Mark Wasinger
|
0-0: Called Strike 0-1: Ball 1-1: Fly out, F8 (Flyball, 8LD, EV 81.3 MPH)
|
|
Batting: RHB Glenn Davis
|
0-0: Swinging Strike 0-1: Ground out 4-3 (Groundball, 4, EV 106.9 MPH)
|
| Bottom of the 1st over - 0 runs, 0 hits, 0 errors, 0 left on base; Santa Domingo 0 - Santa Ana 0 |
| TOP OF THE 2ND |
|
Santa Domingo Colonials batting - Pitching for Santa Ana Cafes : RHP Kenneth Shea
|
|
Batting: RHB Ryne Sandberg
|
0-0: Swinging Strike 0-1: Ball 1-1: Foul Ball, location: 2F 1-2: Fly out, F9 (Flyball, 9D, EV 96.3 MPH)
|
|
Batting: LHB Marvell Wynne
|
0-0: Swinging Strike 0-1: Ball 1-1: Called Strike 1-2: Foul Ball, location: 2F 1-2: Ball 2-2: Ball 3-2: Fly out, F8 (Flyball, 78XD, EV 103.8 MPH)
|
|
Batting: RHB John Rabb
|
0-0: Called Strike 0-1: Ball 1-1: Ball 2-1: Ball 3-1: Foul Ball, location: 2F 3-2: Foul Ball, location: 2F 3-2: Foul Ball, location: 2F 3-2: Fly out, F8 (Line Drive, 8RM, EV 100.0 MPH)
|
| Top of the 2nd over - 0 runs, 0 hits, 0 errors, 0 left on base; Santa Domingo 0 - Santa Ana 0 |
| BOTTOM OF THE 2ND |
|
Santa Ana Cafes batting - Pitching for Santa Domingo Colonials : LHP Rich Rodas
|
|
Batting: RHB Barry Siebert
|
0-0: Called Strike 0-1: Swinging Strike 0-2: Strikes out swinging
|
|
Batting: LHB Andre David
|
0-0: Ball 1-0: Ball 2-0: SINGLE (Line Drive, 4MD, EV 100.0 MPH)
|
|
Batting: RHB Fred Manrique
|
0-0: Ball 1-0: Swinging Strike 1-1: Fly out, F6 (Popup, 6M, EV 53.1 MPH)
|
|
Batting: RHB Kevin Buckley
|
0-0: Swinging Strike 0-1: Called Strike Andre David steals 2nd base 0-2: Ball 1-2: Foul Ball, location: 2F 1-2: Fly out, F9 (Flyball, 89S, EV 81.3 MPH)
|
| Bottom of the 2nd over - 0 runs, 1 hit, 0 errors, 1 left on base; Santa Domingo 0 - Santa Ana 0 |
| TOP OF THE 3RD |
|
Santa Domingo Colonials batting - Pitching for Santa Ana Cafes : RHP Kenneth Shea
|
|
Batting: RHB Ken Gerhart
|
0-0: Called Strike 0-1: Ball 1-1: Ground out 4-3 (Groundball, 34, EV 86.3 MPH)
|
|
Batting: SHB Eddie Tanner
|
0-0: SINGLE (Flyball, 5D, EV 89.4 MPH)
|
|
Batting: RHB Ron Wotus
|
0-0: Ball 1-0: Called Strike 1-1: Ball 2-1: Called Strike 2-2: Ground out 4-3 (Groundball, 13, EV 80.0 MPH) Eddie Tanner to second
|
|
Batting: SHB Curt Bryan
|
0-0: Called Strike 0-1: Ball 1-1: Foul Ball, location: 2F 1-2: Fly out, F8 (Line Drive, 8LD, EV 102.5 MPH)
|
| Top of the 3rd over - 0 runs, 1 hit, 0 errors, 1 left on base; Santa Domingo 0 - Santa Ana 0 |
| BOTTOM OF THE 3RD |
|
Santa Ana Cafes batting - Pitching for Santa Domingo Colonials : LHP Rich Rodas
|
|
Batting: RHB Edwin Rodriguez
|
0-0: Called Strike 0-1: Reached on error, E6 (Popup, 6MD, EV 46.3 MPH)
|
|
Batting: SHB Esteban Mendez
|
0-0: Called Strike 0-1: Fly out, F8 (Flyball, 8LD, EV 91.3 MPH)
|
|
Batting: SHB Steve Scafa
|
0-0: Ball 1-0: Called Strike 1-1: Ball 2-1: Ball 3-1: Called Strike 3-2: DOUBLE (Line Drive, 89D, EV 110.0 MPH) Edwin Rodriguez to third Edwin Rodriguez scores
|
|
Batting: RHB Mark Wasinger
|
0-0: Fly out, F9 (Flyball, 9, EV 90.6 MPH)
|
|
Batting: RHB Glenn Davis
|
0-0: Ball 1-0: Ball 2-0: Swinging Strike 2-1: 2-RUN HOME RUN (Flyball, 78XD, EV 113.1 MPH), Distance : 432 ft
|
|
Batting: RHB Barry Siebert
|
0-0: Called Strike 0-1: Foul Ball, location: 2F 0-2: Ball 1-2: Strikes out swinging
|
| Bottom of the 3rd over - 3 runs, 2 hits, 1 error, 0 left on base; Santa Domingo 0 - Santa Ana 3 |
| TOP OF THE 4TH |
|
Santa Domingo Colonials batting - Pitching for Santa Ana Cafes : RHP Kenneth Shea
|
|
Batting: SHB Bip Roberts
|
0-0: Ball 1-0: Ball 2-0: Called Strike 2-1: Foul Ball, location: 2F 2-2: Fly out, F8 (Flyball, 8RD, EV 86.9 MPH)
|
|
Batting: LHB Mike Stenhouse
|
0-0: Called Strike 0-1: Swinging Strike 0-2: Ball 1-2: Foul Ball, location: 2F 1-2: Ball 2-2: Ball 3-2: Fly out, F9 (Flyball, 89S, EV 73.1 MPH)
|
|
Batting: RHB Ryne Sandberg
|
0-0: Fly out, F4 (Popup, 4, EV 58.8 MPH)
|
| Top of the 4th over - 0 runs, 0 hits, 0 errors, 0 left on base; Santa Domingo 0 - Santa Ana 3 |
| BOTTOM OF THE 4TH |
|
Santa Ana Cafes batting - Pitching for Santa Domingo Colonials : LHP Rich Rodas
|
|
Batting: LHB Andre David
|
0-0: Ball 1-0: Called Strike 1-1: Foul Ball, location: 2F 1-2: Foul Ball, location: 2F 1-2: Ground out 6-3 (Groundball, 6, EV 76.3 MPH)
|
|
Batting: RHB Fred Manrique
|
0-0: Ground out 6-3 (Groundball, 6, EV 82.5 MPH)
|
|
Batting: RHB Kevin Buckley
|
0-0: Ball 1-0: Foul Ball, location: 2F 1-1: Ball 2-1: Foul Ball, location: 2F 2-2: Strikes out swinging
|
| Bottom of the 4th over - 0 runs, 0 hits, 0 errors, 0 left on base; Santa Domingo 0 - Santa Ana 3 |
| TOP OF THE 5TH |
|
Santa Domingo Colonials batting - Pitching for Santa Ana Cafes : RHP Kenneth Shea
|
|
Batting: LHB Marvell Wynne
|
0-0: Ground out 5-3 (Groundball, 56, EV 108.8 MPH)
|
|
Batting: RHB John Rabb
|
0-0: Called Strike 0-1: Called Strike 0-2: Fly out, F8 (Line Drive, 8LD, EV 90.6 MPH)
|
|
Batting: RHB Ken Gerhart
|
0-0: Called Strike 0-1: Foul Ball, location: 2F 0-2: Strikes out looking
|
| Top of the 5th over - 0 runs, 0 hits, 0 errors, 0 left on base; Santa Domingo 0 - Santa Ana 3 |
| BOTTOM OF THE 5TH |
|
Santa Ana Cafes batting - Pitching for Santa Domingo Colonials : LHP Rich Rodas
|
|
Batting: RHB Edwin Rodriguez
|
0-0: Swinging Strike 0-1: Called Strike 0-2: Strikes out swinging
|
|
Batting: SHB Esteban Mendez
|
0-0: Called Strike 0-1: Foul Ball, location: 2F 0-2: Ball 1-2: Ball 2-2: Strikes out swinging
|
|
Batting: SHB Steve Scafa
|
0-0: Ball 1-0: Ball 2-0: Ball 3-0: Called Strike 3-1: Foul Ball, location: 2F 3-2: Base on Balls
|
|
Batting: RHB Mark Wasinger
|
0-0: Ball 1-0: Foul Ball, location: 2F 1-1: Ball 2-1: Foul Ball, location: 2F 2-2: Foul Ball, location: 2F 2-2: Ground out 3-1 (Groundball, 13, EV 91.3 MPH)
|
| Bottom of the 5th over - 0 runs, 0 hits, 0 errors, 1 left on base; Santa Domingo 0 - Santa Ana 3 |
| TOP OF THE 6TH |
|
Santa Domingo Colonials batting - Pitching for Santa Ana Cafes : RHP Kenneth Shea
|
|
Batting: SHB Eddie Tanner
|
0-0: Fly out, F5 (Popup, 25F, EV 93.8 MPH)
|
|
Batting: RHB Ron Wotus
|
0-0: Ball 1-0: Called Strike 1-1: Called Strike 1-2: Ball 2-2: Ball 3-2: Strikes out looking
|
|
Batting: SHB Curt Bryan
|
0-0: Ball 1-0: Swinging Strike 1-1: Ball 2-1: Ball 3-1: Foul Ball, location: 2F 3-2: Fly out, F9 (Flyball, 9, EV 85.0 MPH)
|
| Top of the 6th over - 0 runs, 0 hits, 0 errors, 0 left on base; Santa Domingo 0 - Santa Ana 3 |
| BOTTOM OF THE 6TH |
|
Santa Ana Cafes batting - Pitching for Santa Domingo Colonials : LHP Rich Rodas
|
|
Batting: RHB Glenn Davis
|
0-0: Fly out, F7 (Flyball, 7S, EV 93.8 MPH)
|
|
Batting: RHB Barry Siebert
|
0-0: Ball 1-0: Fly out, F7 (Line Drive, 7, EV 93.1 MPH)
|
|
Batting: LHB Andre David
|
0-0: Foul Ball, location: 2F 0-1: Foul Ball, location: 2F 0-2: Ball 1-2: Foul Ball, location: 2F 1-2: Foul Ball, location: 2F 1-2: Strikes out looking
|
| Bottom of the 6th over - 0 runs, 0 hits, 0 errors, 0 left on base; Santa Domingo 0 - Santa Ana 3 |
| TOP OF THE 7TH |
|
Santa Domingo Colonials batting - Pitching for Santa Ana Cafes : RHP Kenneth Shea
|
|
Batting: SHB Bip Roberts
|
0-0: Fly out, F6 (Line Drive, 6M, EV 89.4 MPH)
|
|
Batting: LHB Mike Stenhouse
|
0-0: Ball 1-0: Ball 2-0: Foul Ball, location: 2F 2-1: Ball 3-1: Foul Ball, location: 2F 3-2: Fly out, F9 (Line Drive, 9D, EV 95.0 MPH)
|
|
Batting: RHB Ryne Sandberg
|
0-0: Ball 1-0: Ball 2-0: Called Strike 2-1: SINGLE (Line Drive, 34D, EV 96.9 MPH)
|
|
Batting: LHB Marvell Wynne
|
0-0: Ball 1-0: Ball 2-0: Foul Ball, location: 2F 2-1: Ball 3-1: Ground out 4-3 (Groundball, 4, EV 105.0 MPH)
|
| Top of the 7th over - 0 runs, 1 hit, 0 errors, 1 left on base; Santa Domingo 0 - Santa Ana 3 |
| BOTTOM OF THE 7TH |
|
Santa Ana Cafes batting - Pitching for Santa Domingo Colonials : LHP Rich Rodas
|
|
Batting: RHB Fred Manrique
|
0-0: Foul Ball, location: 2F 0-1: Ball 1-1: Ball 2-1: Swinging Strike 2-2: Strikes out looking
|
|
Batting: RHB Kevin Buckley
|
0-0: Ground out 5-3 (Groundball, 56, EV 85.0 MPH)
|
|
Batting: RHB Edwin Rodriguez
|
0-0: Ball 1-0: Foul Ball, location: 2F 1-1: Foul Ball, location: 2F 1-2: Strikes out swinging
|
| Bottom of the 7th over - 0 runs, 0 hits, 0 errors, 0 left on base; Santa Domingo 0 - Santa Ana 3 |
| TOP OF THE 8TH |
|
Santa Domingo Colonials batting - Pitching for Santa Ana Cafes : RHP Kenneth Shea
|
|
Batting: RHB John Rabb
|
0-0: Foul Ball, location: 2F 0-1: Foul Ball, location: 2F 0-2: Strikes out looking
|
|
Batting: RHB Ken Gerhart
|
0-0: Called Strike 0-1: Ball 1-1: Foul Ball, location: 2F 1-2: Ball 2-2: Strikes out looking
|
|
Batting: SHB Eddie Tanner
|
0-0: Fly out, F6 (Popup, 6, EV 61.3 MPH)
|
| Top of the 8th over - 0 runs, 0 hits, 0 errors, 0 left on base; Santa Domingo 0 - Santa Ana 3 |
| BOTTOM OF THE 8TH |
|
Santa Ana Cafes batting - Pitching for Santa Domingo Colonials : LHP Rich Rodas
|
|
Batting: SHB Esteban Mendez
|
0-0: Ball 1-0: Called Strike 1-1: Ground out U3 (Groundball, 34, EV 83.1 MPH)
|
|
Batting: SHB Steve Scafa
|
0-0: Foul Ball, location: 2F 0-1: Foul Ball, location: 2F 0-2: Ball 1-2: Fly out, F8 (Flyball, 8LS, EV 92.5 MPH)
|
|
Batting: RHB Mark Wasinger
|
0-0: Called Strike 0-1: Ball 1-1: Foul Ball, location: 2F 1-2: Foul Ball, location: 2F 1-2: Ball 2-2: Ball 3-2: DOUBLE (Line Drive, 78M, EV 99.4 MPH)
|
|
Batting: RHB Glenn Davis
|
0-0: Intentional Walk
|
|
Batting: RHB Barry Siebert
|
0-0: Fielders Choice at 2nd, 6-4 (Groundball, 6, EV 90.0 MPH)
|
| Bottom of the 8th over - 0 runs, 1 hit, 0 errors, 2 left on base; Santa Domingo 0 - Santa Ana 3 |
| TOP OF THE 9TH |
|
Santa Domingo Colonials batting - Pitching for Santa Ana Cafes : RHP Kenneth Shea
|
|
Batting: RHB Ron Wotus
|
0-0: Ball 1-0: Ground out 3-1 (Groundball, 3S, EV 64.4 MPH)
|
|
Batting: SHB Curt Bryan
|
0-0: Ball 1-0: Swinging Strike 1-1: Ball 2-1: Called Strike 2-2: Fly out, F7 (Flyball, 78M, EV 94.4 MPH)
|
|
Batting: SHB Bip Roberts
|
0-0: Ball 1-0: Swinging Strike 1-1: Ball 2-1: Ball 3-1: Base on Balls
|
|
Batting: LHB Mike Stenhouse
|
0-0: Called Strike 0-1: Ball 1-1: Fly out, F4 (Line Drive, 4, EV 73.8 MPH)
|
| Top of the 9th over - 0 runs, 0 hits, 0 errors, 1 left on base; Santa Domingo 0 - Santa Ana 3 |
|